 Dungeon Crawl Stone Soup version 0.31-a0-868-g674d60d6f7 (webtiles) character file.

Game seed: 13072296510644648713

2459 wingedge the Magician (level 9, -7/64 HPs)
             Began as a Mummy Earth Elementalist on Oct 11, 2023.
             Was a Believer of Sif Muna.
             Mangled by a swamp worm (19 damage)
             ... on level 7 of the Dungeon.
             The game lasted 00:19:38 (7579 turns).

wingedge the Magician (Mummy Earth Elementalist)    Turns: 7579, Time: 00:19:39

Health: -7/64      AC:  8    Str: 12    XL:     9   Next: 26%
Magic:  2/27       EV: 12    Int: 18    God:    Sif Muna [**....]
Gold:   265        SH:  0    Dex: 12    Spells: 16/20 levels left

rFire   . . .        a - +4 dagger (drain)
rCold   . . .        (no shield)
rNeg    + + +        i - +0 animal skin
rPois   ∞            t - +2 helmet
rElec   .            n - +0 cloak
rCorr   .            p - +0 pair of gloves
SInv    .            q - +0 pair of boots
Will    +....        (no amulet)
Stlth   ++           d - ring of magical power
HPRegen 0.30/turn    s - ring of fire
MPRegen 0.20/turn

%: faith
@: no status effects
A: cold resistance 1, negative energy resistance 3, torment resistance 2, heat
vulnerability 1, in touch with death 1, no potions, faith
a: Renounce Religion, Channel Magic


You were on level 7 of the Dungeon.
You worshipped Sif Muna.
Sif Muna was pleased with you.
You visited 2 branches of the dungeon, and saw 8 of its levels.

You collected 325 gold pieces.
You spent 60 gold pieces at shops.

Inventory:

Hand Weapons
 a - a +4 dagger of draining (weapon)
 k - a +1 short sword of venom
 w - a +0 war axe
 z - a +3 scimitar
 A - a +4 great sword of freezing
Missiles
 e - 19 poisoned darts
 m - 6 darts of dispersal
Armour
 g - a +0 leather armour
 h - a +0 ring mail
 i - a +0 animal skin (worn)
 n - a +0 cloak (worn)
 p - a +0 pair of gloves (worn)
 q - a +0 pair of boots (worn)
 t - a +2 helmet (worn)
 v - a +0 kite shield
Magical Staves
 l - a staff of cold
 r - a staff of air
Jewellery
 d - a ring of magical power (left hand)
 s - a ring of fire (right hand)
Scrolls
 b - 2 scrolls of fear
 c - a scroll of enchant weapon
 f - 2 scrolls of identify
 j - 6 scrolls of teleportation
 o - a scroll of enchant armour
 u - a scroll of poison {unknown}
 x - a scroll of revelation {unknown}
 y - a scroll of fog {unknown}


   Skills:
 + Level 3.5 Fighting
 + Level 3.1 Armour
 - Level 2.0 Dodging
 - Level 1.5 Stealth
 + Level 6.4 Spellcasting
 + Level 5.7 Conjurations
 + Level 0.5 Translocations
 - Level 0.7 Transmutations
 - Level 0.9 Fire Magic
 + Level 5.8 Earth Magic
 + Level 1.6 Invocations


You had 16 spell levels left.
You knew the following spells:

 Your Spells              Type           Power      Damage    Failure   Level
a - Sandblast             Erth           52%        2d12      1%          1
b - Stone Arrow           Conj/Erth      52%        3d10      3%          3

Your spell library contained the following spells:

 Spells                   Type           Power      Damage    Failure   Level
 Passwall                 Tmut/Erth      14%        N/A       4%          2
 Hailstorm                Conj/Ice       16%        3d6       11%         3
 Brom's Barrelling Bould  Conj/Erth      26%        2d5       11%         4
 Iskenderun's Mystic Bla  Conj/Tloc      17%        2d5       30%         4
 Petrify                  Tmut/Erth      17%        N/A       30%         4
 Tukima's Dance           Hex            5%         N/A       34%         3
 Fireball                 Conj/Fire      13%        3d7       63%         5
 Dimensional Bullseye     Hex/Tloc       3%         N/A       71%         4
 Cause Fear               Hex            2%         N/A       75%         4
 Summon Ice Beast         Ice/Summ       5%         N/A       75%         4
 Simulacrum               Ice/Necr       4%         N/A       100%        6
 Dragon's Call            Summ           2%         N/A       100%        9


Dungeon Overview and Level Annotations

Branches:
Dungeon (7/15)             Temple (1/1) D:5

Altars:
Ashenzari
Cheibriados
Dithmenos
Gozag
Hepliaklqana
Kikubaaqudgha
Makhleb
Nemelex Xobeh
Qazlal
Ru
Sif Muna
Trog
Uskayaw
Vehumet
Xom
Yredelemnul

Shops:
D:2 ?=


Innate Abilities, Weirdness & Mutations

You are immune to poison.
Your flesh is cold resistant. (rC+)
You are immune to negative energy. (rN+++)
You are immune to unholy pain and torment.
You are vulnerable to heat. (rF-)
You are in touch with the powers of death.
You do not drink.
You have a special connection with the divine. (Faith)


Message History

Aiming: Stone Arrow (dangerous; 3% risk of failure)
Press: ? - help, Shift-Dir - straight line, f/p - swamp worm
Aim: a swamp worm (almost dead, 64% to hit)
The stone arrow hits the swamp worm!!
You kill the swamp worm!
Sif Muna accepts your kill.
Casting: Stone Arrow (dangerous; 3% risk of failure)
Confirm with . or Enter, or press ? or * to list all spells.
Aiming: Stone Arrow (dangerous; 3% risk of failure)
Press: ? - help, Shift-Dir - straight line, f - swamp worm
Aim: a swamp worm (64% to hit)
The stone arrow hits the swamp worm!
The swamp worm is moderately wounded.
The swamp worm closely misses you.
Casting: Stone Arrow (dangerous; 3% risk of failure)
Confirm with . or Enter, or press ? or * to list all spells.
Aiming: Stone Arrow (dangerous; 3% risk of failure)
Press: ? - help, Shift-Dir - straight line, f/p - swamp worm
Aim: a swamp worm (moderately wounded, 64% to hit)
The stone arrow misses the swamp worm.
The swamp worm bites you!
Casting: Stone Arrow (dangerous; 3% risk of failure)
Confirm with . or Enter, or press ? or * to list all spells.
Aiming: Stone Arrow (dangerous; 3% risk of failure)
Press: ? - help, Shift-Dir - straight line, f/p - swamp worm
Aim: a swamp worm (moderately wounded, 64% to hit)
The stone arrow hits the swamp worm!!
The swamp worm is severely wounded.
The swamp worm bites you!
* * * LOW HITPOINT WARNING * * *
Casting: Stone Arrow (dangerous; 3% risk of failure)
Confirm with . or Enter, or press ? or * to list all spells.
You don't have enough magic to cast this spell.
You hit the swamp worm.
The swamp worm is almost dead.
The swamp worm bites you!
* * * LOW HITPOINT WARNING * * *
You closely miss the swamp worm.
The swamp worm is almost dead.
The swamp worm bites you!!
You die...

.#..._.......[.[...)..)..##
.........###.############.#
...........#.#### ##.
.....⌠..........# ##
..........##.##.# #
.#.......###.# >###
....._.......##~~~~
####......####~~≈~≈
######@##~~~~# #w#~~≈#
#..~~P# ###~~PPw~~~
#~~P#w)~~ #~~≈# #~# ##~~~~
# ##~~≈ #~~~


You could see a swamp worm.

Vanquished Creatures
  A steam dragon (D:7)
  A water moccasin (D:5)
  2 swamp worms (D:7)
  An ice beast (D:6)
  4 black bears
  A phantom (D:7)
  A kobold brigand (D:6)
  A bullfrog (D:6)
  4 scorpions
  5 wights (D:7)
  3 hounds
  2 jellies (D:5)
  A sleepcap (D:4)
  A gnoll bouda (D:6)
  An orc priest (D:6)
  5 iguanas
  Natasha (thrice) (D:3)
  3 orc wizards
  Robin (D:3)
  11 gnolls
  10 adders
  A shadow imp (D:6)
  An ufetubus (D:7)
  3 worms
  A dart slug (D:2)
  16 orcs
  8 endoplasms
  3 giant cockroaches
  13 goblins
  11 hobgoblins
  4 jackals (D:3)
  5 quokkas
  5 ball pythons
  9 bats
  13 kobolds
  8 rats
163 creatures vanquished.

Notes
Turn   | Place    | Note
-------+----------+-------------------------------------------
     0 | D:1      | wingedge the Mummy Earth Elementalist began the quest for
                  | the Orb.
     0 | D:1      | Reached XP level 1. HP: 13/13 MP: 4/4
   230 | D:1      | Reached skill level 3 in Spellcasting
   270 | D:1      | Reached XP level 2. HP: 19/19 MP: 4/6
   651 | D:1      | Found a faded altar of an unknown god.
  1211 | D:2      | Found Lugiz's Jewellery Boutique.
  1219 | D:2      | Reached XP level 3. HP: 24/24 MP: 6/8
  1240 | D:2      | Learned a level 3 spell: Stone Arrow
  1373 | D:2      | Found a bloodstained altar of Trog.
  1705 | D:2      | Found Mathroes's Magic Scroll Shoppe.
  1708 | D:2      | Bought a scroll of identify for 24 gold pieces
  1708 | D:2      | Bought a scroll of teleportation for 36 gold pieces
  2274 | D:3      | Reached skill level 4 in Spellcasting
  2277 | D:3      | Noticed Robin
  2432 | D:3      | Reached XP level 4. HP: 31/31 MP: 6/10
  2696 | D:3      | Noticed Natasha
  2703 | D:3      | Killed Natasha
  2704 | D:3      | Reached skill level 1 in Fighting
  2704 | D:3      | Reached skill level 1 in Conjurations
  2857 | D:3      | Noticed Natasha
  2865 | D:3      | Killed Natasha
  3163 | D:3      | Reached XP level 5. HP: 37/37 MP: 11/11
  3433 | D:3      | Noticed Natasha
  3442 | D:3      | Killed Natasha
  3523 | D:3      | Killed Robin
  3967 | D:4      | Reached XP level 6. HP: 31/44 MP: 10/12
  4511 | D:4      | Reached XP level 7. HP: 50/50 MP: 13/13
  4743 | D:5      | Entered Level 5 of the Dungeon
  4817 | D:5      | Found a staircase to the Ecumenical Temple.
  4825 | Temple   | Entered the Ecumenical Temple
  4840 | Temple   | Became a worshipper of Sif Muna the Loreminder
  5070 | D:5      | Reached skill level 5 in Spellcasting
  5766 | D:5      | Reached XP level 8. HP: 38/58 MP: 8/16
  6094 | D:6      | Reached skill level 6 in Spellcasting
  6291 | D:6      | Reached * piety under Sif Muna
  6292 | D:6      | Reached skill level 1 in Armour
  6292 | D:6      | Reached skill level 5 in Earth Magic
  6421 | D:6      | Reached skill level 5 in Conjurations
  6952 | D:6      | Found a snail-covered altar of Cheibriados.
  6954 | D:6      | Found a shimmering altar of Xom.
  6960 | D:6      | Found a hazy altar of Hepliaklqana.
  6964 | D:6      | Found a basalt altar of Yredelemnul.
  6994 | D:6      | Found a shadowy altar of Dithmenos.
  7328 | D:7      | Reached ** piety under Sif Muna
  7329 | D:7      | Reached skill level 1 in Invocations
  7329 | D:7      | Reached XP level 9. HP: 63/63 MP: 10/18
  7535 | D:7      | Found a broken altar of Ashenzari.
  7537 | D:7      | Found a radiant altar of Vehumet.
  7579 | D:7      | Mangled by a swamp worm

Illustrated notes

Levels and vault maps discovered:
D:1:      minmay_arrival_glassed_features, layout_basic,
          shapermc_ecumenical_altar_hornbeckon
D:2:      layout_loops_corners, basic_altar, serial_shops,
          nicolae_shop_rolled_up, nicolae_shop_gibbet_a_chance
D:3:      layout_basic, uniq_robin, uniq_natasha
D:4:      layout_cave_pools
D:5:      layout_loops_ring, minmay_temple_entry_grid
D:6:      layout_loops_ring, nicolae_overflow_hallway_of_the_gods
D:7:      layout_loops_ring, grunt_temple_overflow_open,
          mainiacjoe_overflow_cross_hatched, nicolae_eternal_life, worms_lemuel
Temple:   nicolae_temple_ecumenical_triangle

Skill      XL: |  1  2  3  4  5  6  7  8  9 |
---------------+----------------------------+-----
Spellcasting   | 3 4 5 6 |  6.4
Earth Magic    | 3 4 5 |  5.8
Fighting       | 1 2 3 |  3.5
Conjurations   | 1 2 3 4 5 |  5.7
Dodging        | 2 |  2.0
Armour         | 2 3 |  3.1
Invocations    | 1 |  1.6
Stealth        | |  1.5
Translocations | |  0.5
Transmutations | |  0.7
Fire Magic     | |  0.9

Action                     |  1- 3 |  4- 6 |  7- 9 || total
---------------------------+-------+-------+-------++-------
  Melee: Staff             |    12 |       |       ||    12
         Short sword       |       |     2 |       ||     2
         Dagger            |       |       |     2 ||     2
   Cast: Sandblast         |    76 |   115 |    13 ||   204
         Stone Arrow       |       |     6 |   101 ||   107
    Use: Scroll            |     1 |     2 |     1 ||     4
   Stab: Sleeping          |       |     1 |       ||     1
 Armour: Robe              |    28 |    21 |       ||    49
         Animal skin       |       |    29 |    37 ||    66
  Dodge: Dodged            |    30 |    42 |    22 ||    94

Table legend: (Time is in decaauts)
 A = Elapsed time spent in this place.
 B = Non-inter-level travel time spent in this place.
 C = Inter-level travel time spent in this place.
 D = Time resting spent in this place.
 E = Time spent auto-exploring this place.
 F = Levels seen in this place.
 G = Mean time per level.
                   A        B        C        D        E       F      G
               +--------+--------+--------+--------+--------+-----+--------+
         Total |   7703 |   7338 |    365 |   2086 |   3915 |   8 |  962.9 |
       Dungeon |   7678 |   7333 |    345 |   2086 |   3915 |   7 | 1096.9 |
        Temple |     24 |      4 |     20 |      0 |      0 |   1 |   24.0 |
               +--------+--------+--------+--------+--------+-----+--------+

Top non-repeatable levels by time:
     D:3: 1770 daAuts
     D:2: 1427 daAuts
     D:6: 1402 daAuts
     D:5: 1139 daAuts
     D:1: 1006 daAuts
     D:4: 655 daAuts
     D:7: 277 daAuts
  Temple: 24 daAuts
